 Dungeon Crawl Stone Soup version 0.32-a0-391-gce5c0aab1b (webtiles) character file.

Game seed: 3592921238224071197

71 seren the Charlatan (level 4, -6/33 HPs)
             Began as a Coglin Artificer on Feb 19, 2024.
             Mangled by Natasha (9 damage)
             ... on level 2 of the Dungeon.
             The game lasted 00:03:02 (1021 turns).

seren the Charlatan (Coglin Artificer)              Turns: 1021, Time: 00:03:03

Health: -6/33      AC:  3    Str: 12    XL:     4   Next: 24%
Magic:  13/13      EV: 11    Int: 11    God:
Gold:   24         SH:  0    Dex: 16    Spells: 3/3 levels left

rFire   . . .        n - +0 dagger {Feng}
rCold   . . .        f - +0 dagger {Æthelred}
rNeg    . . .        b - +0 leather armour
rPois   .            (no helmet)
rElec   .            (no cloak)
rCorr   .            (no gloves)
SInv    .            (no boots)
Will    .....        l - amulet of regeneration
Stlth   ++           m - ring of magical power
HPRegen 1.05/turn    (no ring)
MPRegen 0.13/turn

%: no passive effects
@: slowed, revved, stiff-legged, very slow
A: off-hand wielding, slow wielding, warmup strikes, warmup strides
a: no special abilities


You were on level 2 of the Dungeon.
You visited 1 branch of the dungeon, and saw 2 of its levels.

You collected 24 gold pieces.

Inventory:

Hand Weapons
 f - a +0 dagger (worn) {Æthelred}
 n - a +0 dagger (weapon) {Feng}
Armour
 b - a +0 leather armour (worn)
Jewellery
 l - an amulet of regeneration (around neck)
 m - a ring of magical power (left grasper)
Wands
 c - a wand of flame (14) (quivered)
 d - a wand of charming (14)
 e - a wand of iceblast (5)
Scrolls
 g - a scroll of enchant weapon {unknown}
 h - 2 scrolls of blinking {unknown}
 i - a scroll of teleportation {unknown}
 k - a scroll of immolation
Potions
 j - a potion of heal wounds {unknown}


   Skills:
 + Level 1.8 Fighting
 * Level 0.3 Short Blades
 + Level 2.3 Armour
 + Level 1.6 Dodging
 + Level 1.5 Stealth
 + Level 4.5 Evocations


You had 3 spell levels left.
You didn't know any spells.
Your spell library contained the following spells:

 Spells                   Type           Power      Damage    Failure   Level
 Sculpt Simulacrum        Ice/Alch       0%         N/A       100%        6
 Ozocubu's Refrigeration  Ice            0%         4d7       100%        7
 Polar Vortex             Ice            0%         N/A       100%        9


Dungeon Overview and Level Annotations

Branches:
Dungeon (2/15)

Altars:
Elyvilon

Annotations:
D:2 exclusion: gnoll, Natasha


Innate Abilities, Weirdness & Mutations

You can wield a second weapon in your off-hand.
It takes a long time for you to wield or remove held weapons.
Your first few attacks do less damage.
Your first movements take longer.


Message History

Natasha mumbles some strange words.
You hit Natasha with your +0 dagger.
Natasha is moderately wounded.
You hit Natasha with your +0 dagger. Natasha claws you.
The cerulean imp barely misses you. Natasha claws you.
* * * LOW HITPOINT WARNING * * *
You hit Natasha with your +0 dagger.
Natasha is heavily wounded.
You closely miss Natasha with your +0 dagger.
The cerulean imp hits you with a +2 spear.
* * * LOW HITPOINT WARNING * * *
Natasha claws you!
* * * LOW HITPOINT WARNING * * *
The cerulean imp hits you with a +2 spear.
* * * LOW HITPOINT WARNING * * *
You barely miss Natasha with your +0 dagger.
Natasha is heavily wounded.
You closely miss Natasha with your +0 dagger.
Natasha misses you. The cerulean imp barely misses you.
You hit Natasha but do no damage.
Natasha is heavily wounded.
You hit Natasha with your +0 dagger. Natasha barely misses you.
The cerulean imp hits you with a +2 spear.
* * * LOW HITPOINT WARNING * * *
Natasha closely misses you.
You barely miss Natasha with your +0 dagger.
Natasha is severely wounded.
You hit Natasha with your +0 dagger.
The cerulean imp hits you with a +2 spear.
* * * LOW HITPOINT WARNING * * *
Natasha casts a spell.
The cerulean imp hits you with a +2 spear!
* * * LOW HITPOINT WARNING * * *
There are monsters nearby!
Aiming: Throw Flame
Press: ? - help, Shift-Dir - straight line, f - Natasha
Aim: Natasha (severely wounded, 67% to hit)
The puff of flame misses Natasha.
Natasha claws you!
You die...
Natasha curls up and begins to purr.

## #####.## #### .#
#..### #... .
#....#######.## #.
##...........# ##.#
#####....#######
##..[##...........#
#.....(.#######.#...#
##.......## .# ....
#..._..@5.# .# ...
#.....5h....# .# g.
#.........#...# .# .
#.........###.# ..
#.........# .
#..........
#^........##
#.........#


You could see Natasha and 2 cerulean imps.

Vanquished Creatures
  A dart slug (D:2)
  3 endoplasms
  A giant cockroach (D:1)
  3 hobgoblins
  4 jackals (D:1)
  A kobold (D:2)
  A quokka (D:1)
  2 ball pythons (D:1)
  9 bats
  A frilled lizard (D:1)
  6 goblins
  5 rats (D:1)
37 creatures vanquished.

Vanquished Creatures (others)
  A ball python (D:1)
1 creature vanquished.

Grand Total: 38 creatures vanquished

Notes
Turn   | Place    | Note
-------+----------+-------------------------------------------
     0 | D:1      | seren the Coglin Artificer began the quest for the Orb.
     0 | D:1      | Reached XP level 1. HP: 15/15 MP: 1/1
    18 | D:1      | Reached skill level 1 in Dodging
    32 | D:1      | Reached skill level 1 in Stealth
    35 | D:1      | Reached XP level 2. HP: 14/21 MP: 2/2
   200 | D:1      | Reached XP level 3. HP: 25/26 MP: 3/3
   336 | D:1      | Found a faded altar of an unknown god.
   883 | D:2      | Reached XP level 4. HP: 33/33 MP: 4/4
  1006 | D:2      | Found a white marble altar of Elyvilon.
  1010 | D:2      | Noticed Natasha
  1020 | D:2      | HP: 1/33 [cerulean imp/+2 spear[Natasha] (7)]
  1021 | D:2      | Mangled by Natasha

Illustrated notes

Levels and vault maps discovered:
D:1:      onia_arrival_handbag, layout_basic, hellmonk_ecumenical_altar_blasted
D:2:      layout_rooms, basic_altar, grunt_ministairs_6, uniq_natasha

Skill      XL: |  1  2 |
---------------+-------+-----
Dodging        | 1 |  1.6
Stealth        | 1 |  1.5
Armour         | 2 |  2.3
Fighting       | |  1.8
Short Blades   | |  0.3
Evocations     | |  4.5

Action                     |  1- 3 |  4- 6 || total
---------------------------+-------+-------++-------
  Melee: Club              |    66 |       ||    66
         Dagger            |    63 |    74 ||   137
  Evoke: Wand              |     1 |     1 ||     2
   Stab: Sleeping          |     6 |       ||     6
 Armour: Leather armour    |    78 |    35 ||   113
  Dodge: Dodged            |    89 |    27 ||   116

Table legend: (Time is in decaauts)
 A = Elapsed time spent in this place.
 B = Non-inter-level travel time spent in this place.
 C = Inter-level travel time spent in this place.
 D = Time resting spent in this place.
 E = Time spent auto-exploring this place.
 F = Levels seen in this place.
 G = Mean time per level.
                   A        B        C        D        E       F      G
               +--------+--------+--------+--------+--------+-----+--------+
         Total |   1082 |   1024 |     58 |     58 |    578 |   2 |  541.0 |
       Dungeon |   1082 |   1024 |     58 |     58 |    578 |   2 |  541.0 |
               +--------+--------+--------+--------+--------+-----+--------+

Top non-repeatable levels by time:
     D:1: 912 daAuts
     D:2: 169 daAuts
